 Dungeon Crawl Stone Soup version 0.26-a0-665-gefeb406119 (webtiles) character file.

Game seed: 3893580196436921847

942 somkeydreadnuts the Covered (level 8, -8/52 HPs)
             Began as a Gnoll Wanderer on Oct 15, 2020.
             Was an Initiate of Vehumet.
             Mangled by an orc warrior
             ... wielding a +0 dire flail
              (15 damage)
             ... on level 7 of the Dungeon.
             The game lasted 00:37:56 (5371 turns).

somkeydreadnuts the Covered (Gnoll Wanderer)        Turns: 5371, Time: 00:37:56

Health: -8/52      AC:  5    Str: 16    XL:     8   Next: 12%
Magic:  0/14       EV: 13    Int: 17    God:    Vehumet [......]
Gold:   239        SH:  0    Dex: 13    Spells: 7/15 levels left

rFire    + + .     SeeInvis .     - Unarmed
rCold    + . .     Faith    .   (no shield)
rNeg     . . .     Spirit   .   y - +2 leather armour {rF+}
rPois    +         Reflect  .   (helmet restricted)
rElec    .         Harm     .   t - scarf {rC+ rF+}
rCorr    .         Rampage  .   (no gloves)
MR       .....                  (no boots)
Stlth    ++........             b - amulet of regeneration
HPRegen  0.57/turn              h - ring of wizardry
MPRegen  0.14/turn              u - ring of poison resistance

@: flying, very slightly contaminated, hasted, very quick
A: distributed training, fangs 1, horns 1, frail 1, strong nose
a: Renounce Religion


You were on level 7 of the Dungeon.
You worshipped Vehumet.
Vehumet was noncommittal.
You visited 2 branches of the dungeon, and saw 8 of its levels.

You collected 346 gold pieces.
You spent 107 gold pieces at shops.

Inventory:

Hand Weapons
 a - a +0 club
 o - a +1 hunting sling
Missiles
 d - 54 poisoned darts (quivered)
 r - 65 bolts
Armour
 t - a scarf of resistance (worn)
 y - a +2 leather armour of fire resistance (worn)
Jewellery
 b - an amulet of regeneration (around neck)
 c - a +6 ring of dexterity
 h - a ring of wizardry (left hand)
 i - an uncursed ring of magical power {unknown}
 l - an uncursed ring of resist corrosion
 p - an uncursed ring of fire
 u - a ring of poison resistance (right hand)
Scrolls
 e - 3 scrolls of enchant weapon
 m - 2 scrolls of teleportation {unknown}
 n - a scroll of magic mapping {unknown}
 q - 2 scrolls of identify
 s - a scroll of random uselessness {unknown}
 v - 2 scrolls of fear {unknown}
 x - 2 scrolls of remove curse
 A - a scroll of brand weapon {unknown}
 B - a scroll of enchant armour {unknown}
 D - 2 scrolls of immolation {unknown}
Potions
 f - a potion of resistance {unknown}
 g - 2 potions of flight
 j - 5 potions of haste
 k - a potion of curing


   Skills:
 + Level 3.0 Fighting
 + Level 3.0 Short Blades
 + Level 3.0 Long Blades
 + Level 3.0 Axes
 + Level 3.0 Maces & Flails
 + Level 3.0 Polearms
 + Level 3.0 Staves
 + Level 3.0 Slings
 + Level 3.0 Bows
 + Level 3.0 Crossbows
 + Level 4.0 Throwing
 + Level 7.2 Armour
 + Level 3.0 Dodging
 + Level 3.0 Stealth
 + Level 3.0 Shields
 + Level 3.0 Unarmed Combat
 + Level 4.1 Spellcasting
 + Level 2.4 Conjurations
 + Level 2.4 Hexes
 + Level 2.4 Summonings
 + Level 3.3 Necromancy
 + Level 2.4 Translocations
 + Level 2.4 Transmutations
 + Level 2.4 Fire Magic
 + Level 6.0 Ice Magic
 + Level 2.4 Air Magic
 + Level 2.4 Earth Magic
 + Level 2.4 Poison Magic
 + Level 3.3 Invocations
 + Level 4.0 Evocations


You had 7 spell levels left.
You knew the following spells:

 Your Spells              Type           Power        Failure   Level
a - Freeze                Ice            ###.         1%          1
b - Ozocubu's Armour      Ice            ###.....     1%          3
c - Hailstorm             Conj/Ice       ###.....     13%         4

Your spell library contained the following spells:

 Spells                   Type           Power        Failure   Level
 Frozen Ramparts          Ice            ###...       1%          3
 Summon Ice Beast         Ice/Summ       ###.....     13%         4


Dungeon Overview and Level Annotations

Branches:
Dungeon (7/15)             Temple (1/1) D:4

Altars:
Ashenzari
Dithmenos
Elyvilon
Fedhas
Gozag
Hepliaklqana
Kikubaaqudgha
Makhleb
Nemelex Xobeh
Okawaru
Qazlal
Ru
Sif Muna
Trog
Uskayaw
Vehumet
Wu Jian
Xom
Yredelemnul
Zin
The Shining One

Shops:
D:5 :}*


Innate Abilities, Weirdness & Mutations

Your experience applies equally to all skills.
You have very sharp teeth.
Your uncanny sense of smell can sniff out nearby items.
You have a pair of small horns on your head.
You are frail. (-10% HP)


Message History

You headbutt the orc warrior.
The orc warrior is severely wounded.
The orc warrior hits you with a +0 dire flail!
* * * LOW HITPOINT WARNING * * *
An orc comes into view. It is wielding a +0 dagger.
You barely miss the orc warrior. Your headbutt misses the orc warrior.
Your bite misses the orc warrior.
The orc warrior is severely wounded.
The orc warrior barely misses you.
Casting: Freeze (safe; 1% risk of failure)
Confirm with . or Enter, or press ? or * to list all spells.
You miscast Ozocubu's Armour.
You are very lightly contaminated with residual magic.
Nothing appears to happen.
The howler monkey hoots and howls with incredible vigour!
You hit the orc warrior but do no damage.
Your headbutt misses the orc warrior.
The orc warrior is severely wounded.
The orc warrior hits you with a +0 dire flail!
You die...

.[... # .###.#..#.##..)
......h<.......
.###h#.####.... ## ∆
o#..... . .. .#..#.. #.
##†)..... #.
#F######### #.
#.##.o@....(.. #.
#.##.#################.
#.##)#######...........
#.##o#..........#######
#....#.#####.##.# #..
#....#.....#.##.# #.#
#.
#....#.###.#.##.#####.#
.. #....###
#...##.#.....#
#.##....#
####...#.#####


You could see an orc warrior and a bullfrog.

Vanquished Creatures
  An ogre (D:7)
  2 bullfrogs
  A scorpion (D:4)
  2 howler monkeys (D:7)
  3 hounds
  A bullfrog skeleton (D:6)
  6 worker ants
  6 orc wizards
  A gnoll (D:2)
  6 adders
  2 shadow imps (D:6)
  A white imp (D:5)
  An adder skeleton (D:7)
  3 worms
  2 dart slugs
  2 leopard geckos
  17 orcs
  3 ball pythons
  7 bats
  5 giant cockroaches
  5 hobgoblins
  5 jackals
  7 kobolds
  2 quokkas (D:5)
  4 frilled lizards
  5 goblins
  8 rats
108 creatures vanquished.

Vanquished Creatures (others)
  4 toadstools (D:1)
4 creatures vanquished.

Grand Total: 112 creatures vanquished

Notes
Turn   | Place    | Note
-------+----------+-------------------------------------------
     0 | D:1      | somkeydreadnuts the Gnoll Wanderer began the quest for the
                  | Orb.
     0 | D:1      | somkeydreadnuts set off with the following items: a +0
                  | club, a +0 ring mail; and the following spell memorised:
                  | Freeze; and the following spells available to memorise:
                  | Frozen Ramparts, Ozocubu's Armour, Hailstorm, Summon Ice
                  | Beast
     0 | D:1      | Reached XP level 1. HP: 13/13 MP: 4/4
   263 | D:1      | Reached XP level 2. HP: 19/19 MP: 3/5
   468 | D:1      | You fall into a shaft and drop 1 floor!
   785 | D:2      | Reached XP level 3. HP: 23/25 MP: 2/7
   790 | D:2      | Learned a level 3 spell: Ozocubu's Armour
   989 | D:2      | Reached skill level 1 in Invocations
  1000 | D:2      | Reached skill level 1 in Fighting
  1000 | D:2      | Reached skill level 1 in Short Blades
  1000 | D:2      | Reached skill level 1 in Long Blades
  1000 | D:2      | Reached skill level 1 in Axes
  1000 | D:2      | Reached skill level 1 in Maces & Flails
  1000 | D:2      | Reached skill level 1 in Polearms
  1000 | D:2      | Reached skill level 1 in Staves
  1000 | D:2      | Reached skill level 1 in Slings
  1000 | D:2      | Reached skill level 1 in Bows
  1000 | D:2      | Reached skill level 1 in Crossbows
  1000 | D:2      | Reached skill level 1 in Dodging
  1000 | D:2      | Reached skill level 1 in Stealth
  1000 | D:2      | Reached skill level 1 in Shields
  1000 | D:2      | Reached skill level 1 in Unarmed Combat
  1158 | D:2      | Reached XP level 4. HP: 32/32 MP: 6/8
  1784 | D:3      | Noticed a bullfrog
  1792 | D:3      | Killed a bullfrog
  1792 | D:3      | Reached skill level 1 in Conjurations
  1792 | D:3      | Reached skill level 1 in Hexes
  1792 | D:3      | Reached skill level 1 in Summonings
  1792 | D:3      | Reached skill level 1 in Translocations
  1792 | D:3      | Reached skill level 1 in Transmutations
  1792 | D:3      | Reached skill level 1 in Fire Magic
  1792 | D:3      | Reached skill level 1 in Air Magic
  1792 | D:3      | Reached skill level 1 in Earth Magic
  1792 | D:3      | Reached skill level 1 in Poison Magic
  1792 | D:3      | Reached XP level 5. HP: 31/37 MP: 3/9
  2371 | D:4      | Reached XP level 6. HP: 44/44 MP: 4/11
  2813 | D:4      | Found a blossoming altar of Fedhas.
  2969 | D:4      | Reached XP level 7. HP: 49/50 MP: 8/12
  3043 | D:4      | Found a staircase to the Ecumenical Temple.
  3050 | Temple   | Entered the Ecumenical Temple
  3349 | Temple   | Learned a level 4 spell: Hailstorm
  3464 | D:5      | Entered Level 5 of the Dungeon
  3649 | D:5      | Gained mutation: You are frail. (-10% HP) [potion of
                  | mutation]
  3649 | D:5      | Gained mutation: You have a pair of small horns on your
                  | head. [potion of mutation]
  3691 | D:5      | Found Saquperi's Assorted Antiques.
  3719 | D:5      | Found Ximn's Gadget Emporium.
  3735 | D:5      | Bought a runed robe for 107 gold pieces
  3756 | D:5      | Found Luigiop's Gadget Boutique.
  3908 | D:5      | Found Setzed's Book Shop.
  4071 | D:6      | Reached skill level 7 in Armour
  4559 | D:6      | Found a shadowy altar of Dithmenos.
  4790 | D:6      | Found a radiant altar of Vehumet.
  4806 | D:6      | Became a worshipper of Vehumet
  5005 | D:6      | Found a hide-covered altar of Uskayaw.
  5008 | D:6      | Found a stormy altar of Qazlal.
  5316 | D:7      | Reached XP level 8. HP: 28/51 MP: 8/14
  5371 | D:7      | Mangled by an orc warrior

Illustrated notes

Levels and vault maps discovered:
D:1:      ldierk_walled_garden_2, layout_rooms, minmay_misc_feat_cross
D:2:      minmay_spotlight, layout_loops_ring
D:3:      kb_forest_paths, layout_basic
D:4:      layout_gridville, temple_green, fedhas_altar_4
D:5:      layout_rooms, serial_shops, shop, nicolae_shop_crystal, shop, shop,
          kennysheep_nondescript
D:6:      layout_loops_ring, fiery_altar_vehumet, minitemple,
          minmay_misc_feat_chi, nicolae_dithmenos_the_darkroom
D:7:      gammafunk_beogh_shrine, layout_basic, slow_altar_2, uniq_pikel,
          uniq_joseph
Temple:   hc_temple_tempest_star

Skill      XL: |  1  2  3  4  5  6  7  8 |
---------------+-------------------------+-----
Necromancy     | 2 3 |  3.3
Invocations    | 1 2 3 |  3.3
Fighting       | 1 2 3 |  3.0
Short Blades   | 1 2 3 |  3.0
Long Blades    | 1 2 3 |  3.0
Axes           | 1 2 3 |  3.0
Maces & Flails | 1 2 3 |  3.0
Polearms       | 1 2 3 |  3.0
Staves         | 1 2 3 |  3.0
Slings         | 1 2 3 |  3.0
Bows           | 1 2 3 |  3.0
Crossbows      | 1 2 3 |  3.0
Dodging        | 1 2 3 |  3.0
Stealth        | 1 2 3 |  3.0
Shields        | 1 2 3 |  3.0
Unarmed Combat | 1 2 3 |  3.0
Spellcasting   | 3 4 |  4.1
Throwing       | 3 4 |  4.0
Conjurations   | 1 2 |  2.4
Hexes          | 1 2 |  2.4
Summonings     | 1 2 |  2.4
Translocations | 1 2 |  2.4
Transmutations | 1 2 |  2.4
Fire Magic     | 1 2 |  2.4
Air Magic      | 1 2 |  2.4
Earth Magic    | 1 2 |  2.4
Poison Magic   | 1 2 |  2.4
Evocations     | 3 4 |  4.0
Armour         | 7 |  7.2
Ice Magic      | 6 |  6.0

Action                   |  1- 3 |  4- 6 |  7- 9 || total
-------------------------+-------+-------+-------++-------
Melee: Club              |    20 |    40 |       ||    60
       Bite              |     1 |     2 |    12 ||    15
       Unarmed           |       |       |   118 ||   118
       Headbutt          |       |       |    22 ||    22
Throw: Dart              |     7 |     1 |     5 ||    13
 Cast: Freeze            |    44 |    77 |    42 ||   163
       Ozocubu's Armour  |     1 |     1 |     2 ||     4
       Hailstorm         |       |       |     7 ||     7
  Use: Scroll            |       |     3 |     3 ||     6
       Potion            |       |       |     8 ||     8
Armor: Ring mail         |     1 |       |       ||     1
       Leather armour    |    18 |    16 |    28 ||    62
       Robe              |       |       |     1 ||     1
Dodge: Dodged            |    41 |    52 |    74 ||   167

Table legend: (Time is in decaauts)
 A = Elapsed time spent in this place.
 B = Non-inter-level travel time spent in this place.
 C = Inter-level travel time spent in this place.
 D = Time resting spent in this place.
 E = Time spent auto-exploring this place.
 F = Levels seen in this place.
 G = Mean time per level.
                   A        B        C        D        E       F      G
               +--------+--------+--------+--------+--------+-----+--------+
         Total |   5371 |   5344 |     27 |      0 |   3373 |   8 |  671.4 |
       Dungeon |   5060 |   5033 |     27 |      0 |   3373 |   7 |  722.9 |
        Temple |    310 |    310 |      0 |      0 |      0 |   1 |  310.0 |
               +--------+--------+--------+--------+--------+-----+--------+

Top non-repeatable levels by time:
     D:6: 1116 daAuts
     D:2: 1020 daAuts
     D:4: 919 daAuts
     D:3: 754 daAuts
     D:5: 593 daAuts
     D:1: 467 daAuts
  Temple: 310 daAuts
     D:7: 189 daAuts
